 Dungeon Crawl Stone Soup version 0.19.0-2-gae57169 (webtiles) character file.

217060 Monsterracer the Slayer (level 18, -27/190 HPs)
             Began as a Minotaur Berserker on Nov 5, 2016.
             Was the Champion of Trog.
             Killed from afar by a nagaraja (37 damage)
             ... with an orb of energy
             ... on level 4 of the Snake Pit.
             The game lasted 02:43:27 (31142 turns).

Monsterracer the Slayer (Minotaur Berserker)       Turns: 31142, Time: 02:43:28

Health: -27/190    AC: 36    Str: 25    XL:     18   Next: 37%
Magic:  21/21      EV: 17    Int:  7    God:    Trog [******]
Gold:   677        SH: 20    Dex: 29    Spells: 0 memorised, 17 levels left

rFire  + + +     SeeInvis +     R - +8 morningstar "Nudaoveck" {crush, +Blink rElec rF++ Int-5}
rCold  . . .     Gourm    .     N - +8 plate armour of Miracles {rPois rF++}
rNeg   + . .     Faith    .     S - +0 shield
rPois  +         Spirit   .     M - +2 hat {Int+3}
rElec  +         Reflect  +     l - +0 cloak
rCorr  .         Harm     .     n - +2 pair of gloves {Dex+3}
MR     +....                    L - +0 pair of boots {Fly}
Stlth  ..........               h - +6 amulet of reflection
                                y - ring of Lozar {rElec rN+ Int+3 Dex+5 SInv}
                                j - ring "Hiokkira" {EV+4 Dex+4}

@: lethally poisoned (-27 -> -32), exhausted, about to teleport, flying, slowed,
very slow
A: retaliatory headbutt, horns 2, agile 1, clever 1, poison resistance
a: Berserk, Trog's Hand, Brothers in Arms, Burn Spellbooks, Renounce Religion,
Evoke Blink, Stop Flying
}: 1/15 runes: decaying


You were on level 4 of the Snake Pit.
You worshipped Trog.
Trog was exalted by your worship.
You were very hungry.

You visited 5 branches of the dungeon, and saw 31 of its levels.
You also visited: Labyrinth, Sewer, Bailey and Ice Cave.

You collected 3696 gold pieces.
You spent 3019 gold pieces at shops.

Inventory:

Hand Weapons
 O - a +5 antimagic morningstar
 R - the +8 morningstar "Nudaoveck" (weapon) {crush, +Blink rElec rF++ Int-5}
   (You found it on level 1 of the Snake Pit)

   It inflicts extra damage upon your enemies.
   It affects your intelligence (-5).
   It greatly protects you from fire.
   It insulates you from electricity.
   It lets you blink.
Armour
 l - a +0 cloak (worn)
 n - a +2 pair of gloves of dexterity (worn)
 o - a +2 chain mail of cold resistance
 t - a +2 plate armour of magic resistance
 E - the +2 scale mail "Xusuestrots" {+Inv Dex+4}
   (You found it on level 11 of the Dungeon)

   It affects your dexterity (+4).
   It lets you turn invisible.
 I - a +0 large shield
 L - a +0 pair of boots of flying (worn)
 M - a +2 hat of intelligence (worn)
 N - the +8 plate armour of Miracles (worn) {rPois rF++}
   (You found it on level 13 of the Dungeon)

   It greatly protects you from fire.
   It protects you from poison.
 S - a +0 shield (worn)
Jewellery
 h - a +6 amulet of reflection (around neck)
 j - the ring "Hiokkira" (left hand) {EV+4 Dex+4}
   (You found it in a labyrinth)

   [ring of evasion]

   It affects your evasion (+4).
   It affects your dexterity (+4).
 y - the ring of Lozar (right hand) {rElec rN+ Int+3 Dex+5 SInv}
   (You bought it in a shop on level 14 of the Dungeon)

   [ring of dexterity]

   It affects your intelligence (+3).
   It affects your dexterity (+5).
   It insulates you from electricity.
   It protects you from negative energy.
   It lets you see invisible.
Wands
 q - a wand of digging (24/24)
 K - a wand of teleportation (4/9)
Scrolls
 e - 8 scrolls of identify
 f - 9 scrolls of remove curse
 p - 3 scrolls of teleportation
 r - 8 scrolls of enchant weapon
 s - 6 scrolls of recharging
 u - 2 scrolls of enchant armour
 D - a scroll of summoning {unknown}
 G - a scroll of fog
 H - 4 scrolls of fear
Potions
 d - 3 potions of cure mutation
 i - 2 potions of haste
 k - 4 potions of berserk rage
 v - a potion of invisibility
 w - 2 potions of cancellation
 x - 5 potions of brilliance
 z - 12 potions of curing
 A - a potion of ambrosia
 B - 2 potions of flight
 C - a potion of heal wounds
 F - a potion of agility
 P - a potion of might
Comestibles
 a - 14 slices of pizza
 b - 4 beef jerkies
 c - 17 bread rations
 g - 31 fruits
 m - 19 meat rations
 J - 4 chunks of flesh


   Skills:
 * Level 24.1 Fighting
 - Level 16.1 Maces & Flails
 + Level 19.7 Armour
 - Level 7.0 Dodging
 * Level 10.6 Shields
 - Level 6.2 Evocations


You had 17 spell levels left.
You didn't know any spells.

Dungeon Overview and Level Annotations

Branches:
Dungeon (15/15)            Temple (0/1) D:7            Lair (6/6) D:10
  Swamp (4/4) Lair:4        Snake (4/4) Lair:2        Slime (0/5) Lair:6
    Orc (2/2) D:10            Elf (0/3) Orc:2        Vaults (0/5) D:14
 Depths (0/5) D:15

Altars:
Fedhas
Makhleb
Okawaru
Ru
Sif Muna
Xom
Yredelemnul
The Shining One
Beogh

Shops:
D:14 }=:   Orc:2 *=[(

Portals:
Hell: Lair:6
Bazaar: D:14
Trove: D:12 (give +3 gold dragon scales)

Annotations:
Trove Treasure Trove: +3 gold dragon scales


Innate Abilities, Weirdness & Mutations

You reflexively headbutt those who attack you in melee.
You have a pair of horns on your head.
You are agile. (Dex +2)
Your mind is acute. (Int +2)
Your system is resistant to poisons. (rPois)


Message History

You are more poisoned.
You resist.
The nagaraja points at you and mumbles some strange words.
You feel strangely unstable.
A naga mage comes into view. It is wielding a whip.
You feel sick. The naga mage casts a spell at you. The bolt of poison hits you!
You resist. The naga mage spits poison at you. The splash of poison hits you!
You resist.
A naga mage comes into view. It is wielding a halberd.
You feel sick.
The naga mage gestures wildly while chanting.
The naga mage seems to speed up.
The naga mage casts a spell at you. The bolt of poison hits you! You resist.
* * * LOW HITPOINT WARNING * * *
The nagaraja casts a spell at you. The orb of energy hits you!
You die...

###....φ...##
##...........##.
#...............
#............N..
##....(......)...
##................
#.............#...
#..##.........@.......
#...#..}..N...........
#..#......#...........
#..........N..#.......
#.....N#NN......#.....
#....(.N.#............
#...N(N###.N.⌠....##.
#...())#........#..
#....##((..........


You could see a nagaraja, a naga ritualist, 4 naga magi and 2 nagas.

Vanquished Creatures
  Saint Roka (Snake:3)
  Nikola (Swamp:1)
  Asterion (Snake:2)
  Gastronok (Lair:3)
  Frances (D:14)
  A thorn hunter (Swamp:4)
  Kirke (Snake:1)
  A storm dragon (D:14)
  Roxanne (D:15)
  6 nagarajas
  2 fire giants
  Aizul (Swamp:1)
  An orc warlord (Orc:2)
  A dire elephant (Lair:6)
  A minotaur (Lab)
  6 fire dragons
  An ogre mage (D:15)
  Erolcha (D:9)
  16 naga warriors
  The ghost of Monkfish the Unseen, a journeyman KoBe of Trog (IceCv)
  8 vault guards (D:14)
  19 hydras
  A centaur warrior (D:14)
  7 anacondas
  2 ghost crabs
  5 alligators
  A tengu warrior (D:13)
  2 orc high priests
  7 shock serpents
  Urug (Lair:2)
  7 death yaks
  9 naga sharpshooters
  A sun demon (Lair:6)
  Sonja (Lair:2)
  Nergalle (D:11)
  2 fire crabs (Swamp:4)
  2 salamander mystics
  9 skeletal warriors
  2 spriggan druids
  A flayed ghost (D:14)
  4 unseen horrors
  10 swamp dragons
  A wizard (Lair:6)
  5 hill giants
  2 shambling mangroves
  4 naga ritualists
  A necromancer (IceCv)
  4 orc knights (Orc:2)
  2 mana vipers
  A deep elf mage (D:14)
  A salamander (shapeshifter) (D:11)
  4 orc sorcerers
  16 salamanders
  12 ugly things
  6 cyclopes
  21 slime creatures
  A manticore (D:14)
  An elephant (Lair:6)
  17 black mambas
  A torpor snail (Lair:6)
  11 naga magi
  An ice statue (IceCv)
  A smoke demon (Lair:6)
  3 guardian serpents
  4 orange demons (Lair:6)
  6 centaur skeletons
  2 kobold demonologists
  15 spiny frogs
  A rime drake (shapeshifter) (D:11)
  11 komodo dragons
  6 rime drakes
  A hellwing (Lair:6)
  5 ice devils
  A tengu conjurer (D:13)
  5 trolls
  13 freezing wraiths
  A red devil (Lair:6)
  3 meliai (D:13)
  4 polar bears
  A two-headed ogre (D:15)
  19 blink frogs
  9 hornets
  Grinder (D:6)
  4 tyrant leeches
  A minotaur skeleton (Lab)
  13 bog bodies
  2 dream sheep (D:9)
  11 hippogriffs
  5 shadows
  2 wraiths
  2 redbacks (Lab)
  Sigmund (D:2)
  6 spriggans
  A yak (shapeshifter) (D:15)
  6 wyverns
  A water elemental (D:13)
  46 yaks
  3 basilisks
  3 hogs (Snake:1)
  3 steam dragons (Swamp:4)
  3 fire bats (Swamp:4)
  5 hungry ghosts
  6 mottled dragons
  Menkaure (D:5)
  22 vampire mosquitoes
  Edmund (D:5)
  14 insubstantial wisps
  2 death yak simulacra (IceCv)
  29 swamp worms
  33 nagas
  2 wargs (Snake:3)
  A soldier ant (D:13)
  A hell hound (Lair:6)
  14 water moccasins
  Duvessa (D:5)
  7 porcupines
  9 swamp drakes
  9 ice beasts
  2 phantoms
  35 orc warriors
  2 black bears
  9 sky beasts
  2 necrophages
  11 ogres
  15 wolves
  10 crocodiles
  13 centaurs
  7 big kobolds
  12 bullfrogs
  A gnoll sergeant (D:11)
  8 scorpions
  A wyvern skeleton (D:11)
  Dowan (D:5)
  An elephant simulacrum (IceCv)
  10 killer bees
  5 electric eels
  7 howler monkeys
  18 wights
  2 bullfrog zombies
  7 crimson imps
  4 centaur zombies
  4 draconian simulacra (IceCv)
  5 hounds
  27 orc wizards
  A bullfrog skeleton (D:11)
  21 orc priests
  10 jellies
  A gnoll shaman (Orc:1)
  3 iguanas (D:4)
  Jessica (D:2)
  Ijyb (D:3)
  Natasha (twice) (D:2)
  17 worker ants
  3 spriggan simulacra (IceCv)
  5 troll simulacra (IceCv)
  A polar bear simulacrum (IceCv)
  2 hound skeletons
  A worker ant zombie (D:11)
  13 gnolls
  4 ogre simulacra (IceCv)
  7 adders
  4 naga simulacra (IceCv)
  3 river rats (Sewer)
  A shadow imp (D:6)
  12 white imps (IceCv)
  An adder zombie (D:8)
  An adder skeleton (D:4)
  4 dart slugs
  16 leopard geckos
  89 orcs
  10 giant cockroaches
  9 goblins
  11 hobgoblins
  21 jackals
  4 quokkas
  9 bats
  5 frilled lizards
  A giant cockroach zombie (D:5)
  A jackal skeleton (D:5)
  29 kobolds
  11 rats
  A fire vortex (Swamp:4)
1197 creatures vanquished.

Vanquished Creatures (others)
  A hydra (Swamp:4)
  2 naga sharpshooters
  A lindwurm (Swamp:4)
  A spriggan druid (Swamp:4)
  2 naga magi (Snake:4)
  A hornet (Swamp:1)
  A spriggan (Swamp:4)
  A swamp drake (Swamp:4)
  3 centaurs
  An orc priest (Orc:2)
  A briar patch (Swamp:4)
  3 fungi (Lair:6)
  5 plants
23 creatures vanquished.

Grand Total: 1220 creatures vanquished

Notes
Turn   | Place    | Note
-------+----------+-------------------------------------------
     0 | D:1      | Monsterracer the Minotaur Berserker began the quest for the Orb.
     0 | D:1      | Reached XP level 1. HP: 19/19 MP: 0/0
    99 | D:1      | Reached XP level 2. HP: 8/26 MP: 1/1
   501 | D:1      | Reached skill level 5 in Maces & Flails
   655 | D:1      | Reached XP level 3. HP: 20/31 MP: 2/2
   787 | D:1      | Reached ** piety under Trog
  1131 | D:2      | Reached skill level 1 in Shields
  1162 | D:2      | HP: 1/31 [poisoned by an adder]
  1519 | D:2      | Noticed Sigmund
  1527 | D:2      | Killed Sigmund
  1527 | D:2      | Reached XP level 4. HP: 39/39 MP: 3/3
  1527 | D:2      | Reached XP level 5. HP: 45/45 MP: 4/4
  1541 | D:2      | Noticed Natasha
  1573 | D:2      | Killed Natasha
  1747 | D:2      | Found a blossoming altar of Fedhas.
  1935 | D:2      | Noticed Jessica
  1952 | D:2      | Killed Jessica
  1952 | D:2      | Reached XP level 6. HP: 49/51 MP: 5/5
  2034 | D:2      | Found an iron altar of Okawaru.
  2088 | D:2      | Noticed Natasha
  2094 | D:2      | Killed Natasha
  2094 | D:2      | Reached *** piety under Trog
  2295 | D:3      | Noticed Ijyb
  2307 | D:3      | Killed Ijyb
  2700 | D:4      | Reached XP level 7. HP: 58/58 MP: 6/6
  2801 | D:4      | Reached **** piety under Trog
  2846 | D:4      | Reached skill level 4 in Fighting
  3465 | D:5      | Entered Level 5 of the Dungeon
  3482 | D:5      | Got a shimmering mace
  3545 | D:5      | Reached skill level 5 in Fighting
  3545 | D:5      | Reached XP level 8. HP: 65/68 MP: 7/7
  3564 | D:5      | Reached skill level 10 in Maces & Flails
  3648 | D:5      | Noticed Edmund
  3655 | D:5      | Killed Edmund
  3657 | D:5      | Reached skill level 5 in Armour
  3683 | D:5      | Identified the +9 mace of Defiance {flame, +Rage MR+ Stlth-} (You found it on level 5 of the Dungeon)
  3725 | D:5      | Noticed Dowan
  3727 | D:5      | Noticed Duvessa
  3731 | D:5      | Killed Dowan
  3734 | D:5      | Killed Duvessa
  3734 | D:5      | Reached skill level 6 in Fighting
  3839 | D:5      | Found a glowing drain.
  3851 | Sewer    | Entered a sewer
  3942 | Sewer    | Found a glowing silver altar of Zin.
  4101 | D:5      | Noticed Menkaure
  4105 | D:5      | Killed Menkaure
  4105 | D:5      | Reached ***** piety under Trog
  4481 | D:6      | Reached XP level 9. HP: 78/78 MP: 8/8
  4676 | D:6      | Noticed Grinder
  4686 | D:6      | Killed Grinder
  4686 | D:6      | Reached skill level 7 in Fighting
  4854 | D:6      | Received a gift from Trog
  5214 | D:6      | Noticed a hill giant
  5222 | D:6      | Killed a hill giant
  5222 | D:6      | Reached skill level 8 in Fighting
  5234 | D:6      | Killed an unseen horror
  5234 | D:6      | Reached XP level 10. HP: 23/89 MP: 3/9
  5416 | D:6      | Found a glowing golden altar of the Shining One.
  5766 | D:7      | Found a staircase to the Ecumenical Temple.
  6293 | D:8      | Found a basalt altar of Yredelemnul.
  6553 | D:8      | Reached skill level 9 in Fighting
  6601 | D:8      | Noticed a skeletal warrior
  6608 | D:8      | Noticed a skeletal warrior
  6610 | D:8      | Noticed a skeletal warrior
  6610 | D:8      | Noticed a skeletal warrior
  6613 | D:8      | Killed a skeletal warrior
  6614 | D:8      | Noticed a skeletal warrior
  6617 | D:8      | Killed a skeletal warrior
  6617 | D:8      | Received a gift from Trog
  6627 | D:8      | Killed a skeletal warrior
  6632 | D:8      | Killed a skeletal warrior
  6644 | D:8      | Killed a skeletal warrior
  6644 | D:8      | Reached XP level 11. HP: 27/99 MP: 10/10
  6969 | D:8      | Found a shimmering altar of Xom.
  6972 | D:8      | Found a burning altar of Makhleb.
  7177 | D:9      | Reached skill level 10 in Fighting
  7248 | D:9      | Reached skill level 15 in Maces & Flails
  7369 | D:9      | Reached skill level 10 in Armour
  7399 | D:9      | Noticed a three-headed hydra
  7410 | D:9      | Killed a three-headed hydra
  7511 | D:9      | Noticed Erolcha
  7516 | D:9      | Killed Erolcha
  7516 | D:9      | Reached skill level 11 in Fighting
  7633 | D:9      | Found a deep blue altar of Sif Muna.
  7719 | D:9      | Reached ****** piety under Trog
  7756 | D:10     | Entered Level 10 of the Dungeon
  7868 | D:10     | Found a staircase to the Lair.
  8055 | D:10     | Found a staircase to the Orcish Mines.
  8326 | D:10     | Gained mutation: Your mind is acute. (Int +2) [potion of mutation]
  8326 | D:10     | Gained mutation: You are agile. (Dex +2) [potion of mutation]
  8326 | D:10     | Gained mutation: Your system is resistant to poisons. (rPois) [potion of mutation]
  8610 | Lair:1   | Entered Level 1 of the Lair of Beasts
  9061 | Lair:1   | Noticed a seven-headed hydra
  9065 | Lair:1   | Killed a seven-headed hydra
  9065 | Lair:1   | Reached XP level 12. HP: 70/112 MP: 11/11
  9150 | Lair:1   | Identified a scroll of acquirement
  9151 | Lair:1   | Got a scorched turquoise ring
  9153 | Lair:1   | Identified the ring "Fupept" {rPois rF- Dex+7 SInv} (You acquired it on level 1 of the Lair of Beasts)
  9230 | Lair:1   | Reached skill level 12 in Fighting
  9334 | Lair:2   | Noticed a seven-headed hydra
  9345 | Lair:2   | Killed a seven-headed hydra
  9388 | Lair:2   | Found a staircase to the Snake Pit.
  9423 | Lair:2   | Noticed Urug
  9435 | Lair:2   | Killed Urug
  9646 | Lair:2   | Noticed Sonja
  9663 | Lair:2   | Killed Sonja
  9663 | Lair:2   | Reached skill level 13 in Fighting
 10169 | Lair:3   | Found a labyrinth entrance.
 10178 | Lab      | Entered a labyrinth
 10419 | Lab      | Found an exit through the horrors of the Abyss.
 10427 | Lab      | Received a gift from Trog
 10461 | Lab      | Found an exit through the horrors of the Abyss.
 10510 | Lab      | Noticed a minotaur
 10517 | Lab      | Killed a minotaur
 10528 | Lab      | Got a shimmering lead ring
 10529 | Lab      | Got a blackened mace
 10529 | Lab      | Got an encrusted ring mail
 10530 | Lab      | Identified the +10 mace of Immorality {drain, rN+} (You found it in a labyrinth)
 10542 | Lab      | Identified the +1 ring mail of Foolhardiness {Dex+5} (You found it in a labyrinth)
 10574 | Lab      | Identified the ring "Hiokkira" {EV+4 Dex+4} (You found it in a labyrinth)
 10957 | Lair:3   | Reached skill level 14 in Fighting
 11157 | Lair:3   | Noticed Gastronok
 11168 | Lair:3   | Killed Gastronok
 11168 | Lair:3   | Reached XP level 13. HP: 96/125 MP: 12/12
 11399 | Lair:4   | Reached skill level 15 in Fighting
 11589 | Lair:4   | Found a frozen archway.
 11609 | IceCv    | Entered an ice cave
 12217 | IceCv    | Noticed Monkfish's ghost (journeyman KoBe)
 12234 | IceCv    | Killed Monkfish's ghost
 12292 | IceCv    | Received a gift from Trog
 12627 | IceCv    | Found an ancient bone altar of Kikubaaqudgha.
 12711 | IceCv    | Reached skill level 16 in Fighting
 13490 | Lair:4   | Reached skill level 15 in Armour
 13778 | Lair:4   | Found a staircase to the Swamp.
 14327 | Lair:5   | You fall through a shaft!
 14327 | Lair:6   | Entered Level 6 of the Lair of Beasts
 14348 | Lair:6   | Reached skill level 17 in Fighting
 14354 | Lair:6   | Reached XP level 14. HP: 25/140 MP: 13/13
 14359 | Lair:6   | HP: 7/210 [death yak (7)]
 15502 | Lair:6   | Received a gift from Trog
 15666 | Lair:6   | Found a staircase to the Slime Pits.
 16053 | Lair:6   | Reached skill level 18 in Fighting
 16367 | Lair:6   | Found a burning altar of Makhleb.
 16411 | Lair:6   | HP: 7/144 [poisoned by a red devil]
 16417 | Lair:6   | HP: 5/144 [poisoned by a red devil]
 16422 | Lair:6   | HP: 4/144 [poisoned by a red devil]
 16427 | Lair:6   | HP: 5/144 [poisoned by a red devil]
 16837 | Lair:6   | Found a gateway to Hell.
 17102 | Orc:1    | Entered Level 1 of the Orcish Mines
 17102 | Orc:1    | Found a flagged portal.
 17131 | Bailey   | Entered a bailey
 17162 | Bailey   | Found a bloodstained altar of Trog.
 17645 | Orc:2    | Entered Level 2 of the Orcish Mines
 17666 | Orc:2    | Received a gift from Trog
 17862 | Orc:2    | Noticed an orc warlord
 17896 | Orc:2    | Killed an orc warlord
 18171 | Orc:2    | Found a roughly hewn altar of Beogh.
 18182 | Orc:2    | Reached skill level 19 in Fighting
 18356 | Orc:2    | Found Juidiebb's Antique Armour Shoppe.
 18362 | Orc:2    | Bought a glowing plate armour for 986 gold pieces
 18382 | Orc:2    | Found Qinouk's Antique Weapon Shoppe.
 18442 | Orc:2    | Found a staircase to the Elven Halls.
 18525 | Orc:2    | Found Inkevot's Jewellery Shoppe.
 18531 | Orc:2    | Bought a +2 amulet of reflection for 325 gold pieces
 18543 | Orc:2    | Found Boif's General Store.
 19286 | D:11     | Reached skill level 5 in Dodging
 19302 | D:11     | Found a glowing golden altar of the Shining One.
 19333 | D:11     | Received a gift from Trog
 19457 | D:11     | Got a faintly glowing scale mail
 19468 | D:11     | Identified the +2 scale mail "Xusuestrots" {+Inv Dex+4} (You found it on level 11 of the Dungeon)
 19740 | D:11     | Noticed Nergalle
 19759 | D:11     | Killed Nergalle
 19759 | D:11     | Reached skill level 1 in Evocations
 19961 | D:12     | Reached XP level 15. HP: 145/152 MP: 14/14
 20005 | D:12     | Found a portal to a secret trove of treasure.
 20600 | D:13     | Received a gift from Trog
 20765 | D:13     | Identified Dabik's Collected Works on Stones and Transformation
 21280 | D:13     | Got a twisted plate armour
 21410 | D:13     | Identified the +8 plate armour of Miracles {rPois rF++} (You found it on level 13 of the Dungeon)
 21659 | D:14     | Noticed Frances
 21671 | D:14     | Killed Frances
 21940 | D:14     | Found a gateway to a bazaar.
 21993 | D:14     | Received a gift from Trog
 22008 | D:14     | Found Qurghiefi's Book Boutique.
 22130 | D:14     | Found a gate to the Vaults.
 22135 | D:14     | Reached skill level 20 in Fighting
 22261 | D:14     | Found Ameq's Gadget Shop.
 22599 | D:14     | Found Birirch's Jewellery Emporium.
 22608 | D:14     | Bought a +6 amulet of reflection for 450 gold pieces
 22773 | D:15     | Entered Level 15 of the Dungeon
 22774 | D:15     | Found a sacrificial altar of Ru.
 22793 | D:15     | Noticed a fire giant
 22799 | D:15     | Killed a fire giant
 22886 | D:15     | Noticed Roxanne
 23019 | D:15     | Killed Roxanne
 23052 | D:14     | Noticed a fire giant
 23052 | D:14     | Noticed a storm dragon
 23062 | D:14     | Killed a fire giant
 23075 | D:14     | Killed a storm dragon
 23301 | D:14     | Bought the ring of Lozar {rElec rN+ Int+3 Dex+5 SInv} for 1258 gold pieces
 23344 | D:15     | Reached XP level 16. HP: 165/165 MP: 18/18
 23376 | D:15     | Found a staircase to the Depths.
 23497 | D:15     | Reached skill level 5 in Evocations
 23627 | D:13     | Received a gift from Trog
 23638 | D:13     | Reached skill level 21 in Fighting
 23639 | D:13     | Got a polished great sword {god gift}
 23855 | Swamp:1  | Entered Level 1 of the Swamp
 24282 | Swamp:1  | Noticed Nikola
 24297 | Swamp:1  | Killed Nikola
 24374 | Swamp:1  | Noticed Aizul
 24387 | Swamp:1  | Killed Aizul
 25337 | Swamp:3  | Received a gift from Trog
 25527 | Swamp:3  | Received a gift from Trog
 25912 | Swamp:3  | Reached skill level 22 in Fighting
 26265 | Swamp:4  | Entered Level 4 of the Swamp
 26475 | Swamp:4  | Reached XP level 17. HP: 132/178 MP: 20/20
 26523 | Swamp:4  | Got a decaying rune of Zot
 26636 | Swamp:4  | Received a gift from Trog
 27474 | Snake:1  | Entered Level 1 of the Snake Pit
 27491 | Snake:1  | Got a translucent morningstar
 27537 | Snake:1  | Identified the +8 morningstar "Nudaoveck" {crush, +Blink rElec rF++ Int-5} (You found it on level 1 of the Snake Pit)
 27689 | Snake:1  | Reached skill level 23 in Fighting
 28006 | Snake:1  | Noticed Kirke
 28019 | Snake:1  | Killed Kirke
 28019 | Snake:1  | Reached skill level 5 in Shields
 28120 | Snake:2  | Received a gift from Trog
 28199 | Snake:2  | Noticed Asterion
 28217 | Snake:2  | Killed Asterion
 28490 | Snake:2  | Got a shimmering silver amulet
 28491 | Snake:2  | Identified the amulet of Midnight {Spirit *Corrode +Fly rElec SInv} (You found it on level 2 of the Snake Pit)
 29316 | Snake:3  | Noticed Saint Roka
 29340 | Snake:3  | Killed Saint Roka
 29480 | Snake:3  | Received a gift from Trog
 30147 | Snake:3  | Reached XP level 18. HP: 73/190 MP: 21/21
 30679 | Snake:4  | Entered Level 4 of the Snake Pit
 30917 | Snake:4  | Identified the Collected Works on Enchanting Shape Shifting
 30945 | Snake:4  | Received a gift from Trog
 31016 | Snake:4  | Reached skill level 10 in Shields
 31055 | Snake:4  | Reached skill level 24 in Fighting
 31142 | Snake:4  | Killed from afar by a nagaraja

Skill      XL: |  1  2  3  4  5  6  7  8  9 10 11 12 13 14 15 16 17 18 |
---------------+-------------------------------------------------------+-----
Maces & Flails | 4 5 6 7 8 9 11 13 14 15 16 | 16.1
Shields        | 2 3 9 10 | 10.6
Armour         | 4 5 7 9 11 13 15 16 17 18 19 | 19.7
Fighting       | 5 6 8 9 11 14 17 19 20 22 23 24 | 24.1
Dodging        | 3 5 7 |  7.0
Evocations     | 1 4 6 |  6.2

Action                   |  1- 3 |  4- 6 |  7- 9 | 10-12 | 13-15 | 16-18 || total
-------------------------+-------+-------+-------+-------+-------+-------++-------
Melee: Mace              |    81 |    92 |    85 |   253 |   548 |       ||  1059
       Headbutt          |    12 |    18 |    36 |   117 |   412 |   449 ||  1044
       Morningstar       |       |     4 |    98 |   183 |       |   579 ||   864
       Great mace        |       |       |    22 |    54 |       |       ||    76
       Eveningstar       |       |       |       |       |   594 |   678 ||  1272
Invok: Berserk           |     1 |     2 |     3 |     8 |    16 |     4 ||    34
       Burn Spellbooks   |       |       |     1 |     2 |     6 |     1 ||    10
 Abil: Evoke Blink       |       |       |       |       |       |     1 ||     1
Evoke: Wand              |       |       |       |       |       |     1 ||     1
  Use: Potion            |     2 |     4 |     5 |     4 |     4 |       ||    19
       Scroll            |     1 |       |       |    13 |     5 |     7 ||    26
 Stab: Sleeping          |     1 |       |       |     1 |     1 |       ||     3
       Distracted        |       |       |       |       |     1 |       ||     1
  Eat: Chunk             |     1 |     8 |    11 |    25 |    43 |    21 ||   109
       Fruit             |       |       |       |     3 |    10 |     5 ||    18
       Royal jelly       |       |       |       |       |     1 |     1 ||     2
       Beef jerky        |       |       |       |       |     1 |     2 ||     3
Armor: Animal skin       |    19 |     5 |       |       |       |       ||    24
       Plate armour      |       |    47 |    89 |   152 |    81 |   422 ||   791
       Ring mail         |       |       |       |     3 |   103 |       ||   106
       Leather armour    |       |       |       |       |    50 |       ||    50
       Scale mail        |       |       |       |       |    65 |       ||    65
Dodge: Dodged            |    46 |    33 |    90 |   232 |   695 |   524 ||  1620
Block: Buckler           |     6 |    15 |    25 |    90 |   407 |   359 ||   902
       Reflection        |       |       |       |       |    31 |    73 ||   104
       Shield            |       |       |       |       |       |   547 ||   547
